 Dungeon Sprint DCSS version 0.27-a0-1302-g7736ffe575 (console) character file.

Game seed: 2281552485465082589

6190 Banquo the Earth Mage (level 10, -4/63 HPs)
             Began as a Deep Elf Earth Elementalist on June 18, 2021.
             Was a High Priest of Vehumet.
             Slain by a demonic crawler (9 damage)
             ... in the Dungeon (Sprint I: "Red Sonja").
             The game lasted 00:20:18 (2016 turns).

Banquo the Earth Mage (Deep Elf Earth Elementalist) Turns: 2016, Time: 00:20:19

Health: -4/63      AC:  5    Str:  5    XL:     10   Next: 60%
Magic:  12/31      EV: 15    Int: 24    God:    Vehumet [*****.]
Gold:   636        SH:  0    Dex: 15    Spells: 22/40 levels left

rFire    + + .     SeeInvis +   g - +0 hand axe (flame)
rCold    + . .     Faith    .   (no shield)
rNeg     + . .     Spirit   .   s - +2 robe {rC+ rF+}
rPois    .         Reflect  .   (no helmet)
rElec    .         Harm     .   (no cloak)
rCorr    .         Rampage  .   (no gloves)
Will     +....     NoTele   +   t - +0 pair of boots "Uzyihaso" {rF+ rN+ SInv}
Stlth    ++........             (no amulet)
HPRegen  0.20/turn              (no ring)
MPRegen  0.22/turn              (no ring)

@: freezing walls, hasted, very quick
A: no striking features
a: Renounce Religion


You were in the Dungeon.
You worshipped Vehumet.
Vehumet was extremely pleased with you.
You visited 1 branch You collected 1079 gold pieces.
You spent 443 gold pieces at shops.

Inventory:

Hand Weapons
 a - a +0 dagger
 g - a +0 hand axe of flaming (weapon)
 n - a +0 short sword of draining
Missiles
 i - 68 stones
 l - 4 curare-tipped darts
Armour
 b - a +0 robe
 o - a +0 troll leather armour
 s - a +2 robe of resistance (worn)
 t - the +0 pair of boots "Uzyihaso" (worn) {rF+ rN+ SInv}
   (You bought it in a shop in the Dungeon)

   It protects you from fire.
   It protects you from negative energy.
   It lets you see invisible.
Wands
 m - a wand of polymorph (21)
 r - a wand of flame (23)
Scrolls
 h - a scroll of blinking
 k - a scroll of acquirement
Potions
 c - 4 potions of curing
 d - a potion of heal wounds
 e - a potion of haste
 f - 2 potions of magic
 p - a potion of mutation
 q - a potion of invisibility


   Skills:
 * Level 7.4 Fighting
 * Level 3.0 Armour
 * Level 6.1 Dodging
 - Level 2.4 Stealth
 + Level 15.7 Spellcasting
 + Level 11.0 Conjurations
 + Level 2.4 Transmutations
 + Level 17.5 Earth Magic


You had 22 spell levels left.
You knew the following spells:

 Your Spells              Type           Power      Damage    Failure   Level
a - Sandblast             Erth           100%       2d20      0%          1
b - Petrify               Tmut/Erth      61%        N/A       1%          4
f - Frozen Ramparts       Ice            36%        1d5       2%          3
l - Lee's Rapid Deconstr  Erth           40%        3d21*     1%          5
p - Passwall              Tmut/Erth      50%        N/A       1%          2
z - Stone Arrow           Conj/Erth      100%       3d13      1%          3

Your spell library contained the following spells:

 Spells                   Type           Power      Damage    Failure   Level
 Conjure Ball Lightning   Conj/Air       22%        3x3d6     13%         6
 Borgnjor's Revivificati  Necr           9%         N/A       100%        8
 Infestation              Necr           9%         N/A       100%        8
 Necromutation            Tmut/Necr      12%        N/A       100%        8
 Death's Door             Necr           9%         N/A       100%        9


Dungeon Overview and Level Annotations

Branches:
Dungeon (1/1)

Altars:
Cheibriados
Dithmenos
Elyvilon
Fedhas
Gozag
Hepliaklqana
Kikubaaqudgha
Makhleb
Nemelex Xobeh
Okawaru
Qazlal
Ru
Sif Muna
Trog
Uskayaw
Vehumet
Wu Jian
Xom
Yredelemnul
Zin
The Shining One
Jiyva
Lugonu

Shops:
D =*:![?==?=((=??[=


Message History

Casting: Lee's Rapid Deconstruction (safe; 1% risk of failure)
Confirm with . or Enter, or press ? or * to list all spells.
Aiming: Lee's Rapid Deconstruction (safe; 1% risk of failure)
Press: ? - help, Dir - move target A rock wall.
The wall shatters!
The blast of rock fragments hits the demonic crawler but does no damage.
The demonic crawler is almost dead.
The blast of rock fragments hits the demonic crawler.
The demonic crawler is heavily wounded.
The blast of rock fragments hits the demonic crawler!!
You kill the demonic crawler!
Vehumet accepts your kill.
You feel your power returning.
The demonic crawler resists.
The wall freezes the demonic crawler.
The demonic crawler barely misses you.
The demonic crawler hits you but does no damage.
The demonic crawler hits you.
The demonic crawler resists.
The wall freezes the demonic crawler.
The demonic crawler hits you! The demonic crawler hits you.
* * * LOW HITPOINT WARNING * * *
The demonic crawler hits you but does no damage.
The demonic crawler resists.
The wall freezes the demonic crawler.
The demonic crawler completely resists.
The wall freezes the demonic crawler but does no damage.
The demonic crawler closely misses you. x2; The demonic crawler misses you.
Your Armour skill increases to level 3!
Your Dodging skill increases to level 6!
Unknown command.
You feel yourself speed up.
The wall freezes the demonic crawler but does no damage.
The demonic crawler hits you.
* * * LOW HITPOINT WARNING * * *
The demonic crawler hits you but does no damage.
The demonic crawler hits you!
* * * LOW HITPOINT WARNING * * *
The demonic crawler resists.
The wall freezes the demonic crawler.
The demonic crawler completely resists.
The wall freezes the demonic crawler but does no damage.
The demonic crawler hits you!
You die...

##################***************
.#..'..#__#..).).#,,*,,,,+,,,,,,+
.').#..'..'..#..s##+#,****,,,,,**
'#####'#__####..@ss†#,*,***,,,***
.#...#.####§.#####..+,*+*,***+*,,
##..##.#≈§§§§#§§#*+##**^,,*,*,**,
_##'#_.(§≈§.§§.§#,,,,,*,,,***,,**
(.'..._#≈§≈§.#§.#,,^,,+,,,,,**,*,
_##_.#'##'#####'###,,,*^,,,,*,,**
_###'#(#)...###.'.#,^,***++**,**,
####.####'###.###.#,^***,,***,,*+
..'...+..§§.'.∩##.#,^****,,***,,,


You could see 3 demonic crawlers.

Vanquished Creatures
  2 centaur warriors (D)
  Sonja (D)
  A deep troll (D)
  An oklob plant (D)
  2 kobold demonologists (D)
  2 unseen horrors (D)
  A demonic crawler (D)
  A hornet (D)
  A slime creature (D)
  Sigmund (D)
  2 redbacks (D)
  A yak (D)
  2 floating eyes (D)
  An ogre (D)
  7 necrophages (D)
  8 jellies (D)
  Ijyb (D)
35 creatures vanquished.

Vanquished Creatures (others)
  A gargoyle (D)
  2 ballistomycete spores (D)
3 creatures vanquished.

Grand Total: 38 creatures vanquished

Notes
Turn   | Place    | Note
-------+----------+-------------------------------------------
     0 | D        | Banquo the Deep Elf Earth Elementalist began the quest for
                  | the Orb.
     0 | D        | Reached XP level 1. HP: 10/10 MP: 6/6
     1 | D        | Noticed Ijyb
    14 | D        | Killed Ijyb
    15 | D        | Reached skill level 5 in Earth Magic
    15 | D        | Reached XP level 2. HP: 2/15 MP: 1/11
   279 | D        | Noticed an ogre
   282 | D        | Killed an ogre
   283 | D        | Reached skill level 9 in Earth Magic
   283 | D        | Reached XP level 3. HP: 19/19 MP: 8/12
   283 | D        | Reached XP level 4. HP: 24/24 MP: 9/14
   287 | D        | Learned a level 3 spell: Stone Arrow
   338 | D        | Noticed Sigmund
   340 | D        | Killed Sigmund
   341 | D        | Reached skill level 11 in Earth Magic
   341 | D        | Reached XP level 5. HP: 28/28 MP: 8/15
   341 | D        | Reached XP level 6. HP: 32/32 MP: 9/17
   370 | D        | Killed a gargoyle
   405 | D        | Found a burning altar of Makhleb.
   405 | D        | Found a viscous altar of Jiyva.
   405 | D        | Found a shimmering altar of Xom.
   405 | D        | Found a corrupted altar of Lugonu.
   405 | D        | Noticed a slime creature
   409 | D        | Killed a slime creature
   410 | D        | Reached skill level 13 in Earth Magic
   413 | D        | Learned a level 2 spell: Passwall
   419 | D        | Learned a level 5 spell: Lee's Rapid Deconstruction
   486 | D        | Found an ornate altar of the Wu Jian Council.
   486 | D        | Found a shimmering blue altar of Sif Muna.
   489 | D        | Found a radiant altar of Vehumet.
   502 | D        | Became a worshipper of Vehumet
   517 | D        | Found Bufeihen's Assorted Antiques.
   517 | D        | Found an ancient bone altar of Kikubaaqudgha.
   517 | D        | Found a hazy altar of Hepliaklqana.
   517 | D        | Found a stormy altar of Qazlal.
   517 | D        | Found a hide-covered altar of Uskayaw.
   517 | D        | Found a blossoming altar of Fedhas.
   517 | D        | Found a bloodstained altar of Trog.
   517 | D        | Found an iron altar of Okawaru.
   517 | D        | Found a basalt altar of Yredelemnul.
   517 | D        | Found a glowing golden altar of the Shining One.
   517 | D        | Found a snail-covered altar of Cheibriados.
   517 | D        | Found a sacrificial altar of Ru.
   517 | D        | Found a glowing silver altar of Zin.
   517 | D        | Found a shadowy altar of Dithmenos.
   517 | D        | Found a white marble altar of Elyvilon.
   517 | D        | Noticed a yak
   520 | D        | Killed a yak
   521 | D        | Reached skill level 1 in Fighting
   521 | D        | Reached XP level 7. HP: 28/39 MP: 8/19
   521 | D        | Found an opulent altar of Gozag.
   522 | D        | Found a sparkling altar of Nemelex Xobeh.
   526 | D        | Bought a scroll labelled SEOMPO HOKKARO for 30 gold pieces
   526 | D        | Bought a scroll labelled ABO GERCHOKH for 30 gold pieces
   600 | D        | Noticed Sonja
   602 | D        | Killed Sonja
   603 | D        | Reached skill level 14 in Earth Magic
   603 | D        | Reached XP level 8. HP: 47/47 MP: 9/23
   622 | D        | Found Moxum's Jewellery Boutique.
   645 | D        | Learned a level 4 spell: Petrify
   822 | D        | Noticed a centaur warrior
   827 | D        | Killed a centaur warrior
   827 | D        | Reached * piety under Vehumet
   827 | D        | Offered knowledge of Shock by Vehumet.
   828 | D        | Reached skill level 15 in Earth Magic
   829 | D        | Noticed a centaur warrior
   991 | D        | Killed a centaur warrior
   992 | D        | Reached skill level 5 in Fighting
   992 | D        | Reached skill level 16 in Earth Magic
   992 | D        | Reached XP level 9. HP: 54/54 MP: 19/27
  1005 | D        | Noticed a deep troll
  1010 | D        | Killed a deep troll
  1010 | D        | Offered knowledge of Searing Ray by Vehumet.
  1010 | D        | Reached ** piety under Vehumet
  1011 | D        | Reached skill level 10 in Conjurations
  1163 | D        | Noticed an oklob plant
  1210 | D        | Killed an oklob plant
  1271 | D        | Offered knowledge of Static Discharge by Vehumet.
  1368 | D        | Reached *** piety under Vehumet
  1369 | D        | Reached XP level 10. HP: 61/61 MP: 25/30
  1376 | D        | Reached **** piety under Vehumet
  1384 | D        | Reached skill level 1 in Armour
  1384 | D        | Reached skill level 17 in Earth Magic
  1387 | D        | Reached ***** piety under Vehumet
  1523 | D        | Offered knowledge of Conjure Flame by Vehumet.
  1535 | D        | Reached skill level 5 in Dodging
  1668 | D        | Offered knowledge of Frozen Ramparts by Vehumet.
  1669 | D        | Reached skill level 15 in Spellcasting
  1685 | D        | Learned a level 3 spell: Frozen Ramparts
  1736 | D        | Found Elyn Ask's Magic Scroll Boutique.
  1737 | D        | Found Vyenliol's Magic Scroll Emporium.
  1738 | D        | Found Veeruutu's Jewellery Emporium.
  1766 | D        | Found Vinobre's Distillery.
  1766 | D        | Found Zomol's Book Shop.
  1766 | D        | Found Zukhaeru's Antique Armour Boutique.
  1768 | D        | Found Pesuses's Magic Scroll Emporium.
  1768 | D        | Found Suhafig's Jewellery Shop.
  1768 | D        | Found Umudiecw's Jewellery Shoppe.
  1768 | D        | Found Nopacsua's Magic Scroll Boutique.
  1768 | D        | Found Ruzy's Jewellery Emporium.
  1768 | D        | Found Qayrac Zybou's Antique Weapon Shop.
  1768 | D        | Found Vaxuor's Antique Weapon Shoppe.
  1774 | D        | Found Nogurch's Jewellery Boutique.
  1832 | D        | Found Fekkom's Armour Emporium.
  1837 | D        | Bought the +0 pair of boots "Uzyihaso" {rF+ rN+ SInv} for
                  | 295 gold pieces
  1895 | D        | Bought 2 scrolls of identify for 44 gold pieces
  1897 | D        | Bought a scroll of identify for 22 gold pieces
  1897 | D        | Bought a scroll of identify for 22 gold pieces
  1951 | D        | Offered knowledge of Conjure Ball Lightning by Vehumet.
  2016 | D        | Slain by a demonic crawler

Illustrated notes

Levels and vault maps discovered:
D:        dungeon_sprint_1 [red_sonja_temple_1, red_sonja_temple_small_1]

Skill      XL: |  1  2  3  4  5  6  7  8  9 10 |
---------------+-------------------------------+-----
Spellcasting   | 6 7 9 12 14 15 | 15.7
Earth Magic    | 5 9 11 13 14 16 17 | 17.5
Conjurations   | 4 7 8 9 10 11 | 11.0
Transmutations | 2 |  2.4
Fighting       | 1 3 5 6 7 |  7.4
Dodging        | 3 6 |  6.1
Armour         | 3 |  3.0
Stealth        | |  2.4

Action                   |  1- 3 |  4- 6 |  7- 9 | 10-12 || total
-------------------------+-------+-------+-------+-------++-------
Melee: Unarmed           |     6 |       |       |       ||     6
 Cast: Sandblast         |     8 |       |       |       ||     8
       Stone Arrow       |       |     8 |       |       ||     8
       Lee's Rapid Decon |       |     1 |    20 |    25 ||    46
       Frozen Ramparts   |       |       |       |     3 ||     3
  Use: Potion            |     1 |       |       |     1 ||     2
       Scroll            |       |       |       |     5 ||     5
Armor: Robe              |     1 |       |       |     4 ||     5
       Troll leather arm |       |       |       |     3 ||     3
Dodge: Dodged            |     3 |     3 |     4 |    13 ||    23

Table legend: (Time is in decaauts)
 A = Elapsed time spent in this place.
 B = Non-inter-level travel time spent in this place.
 C = Inter-level travel time spent in this place.
 D = Time resting spent in this place.
 E = Time spent auto-exploring this place.
 F = Levels seen in this place.
 G = Mean time per level.
                   A        B        C        D        E       F      G
               +--------+--------+--------+--------+--------+-----+--------+
         Total |   2032 |   1943 |     89 |   1363 |     49 |   1 | 2032.0 |
       Dungeon |   2032 |   1943 |     89 |   1363 |     49 |   1 | 2032.0 |
               +--------+--------+--------+--------+--------+-----+--------+

Top non-repeatable levels by time:
       D: 2032 daAuts
